TOP OF THE 1ST |
Montreal Expos batting - Pitching for Texas Rangers : RHP Larry Legros
|
Pitching: RHP Larry Legros
|
|
Batting: RHB Hugo Bautista
|
0-0: Called Strike 0-1: Bunt missed! 0-2: TRIPLE (Flyball, 89XD, EV 100.0 MPH)
|
Batting: RHB Steve French
|
0-0: Fly out, F4 (Line Drive, 34, EV 70.6 MPH)
|
Batting: LHB Austin Ohmer
|
0-0: Foul Ball, location: 2F 0-1: Swinging Strike 0-2: Foul Ball, location: 2F 0-2: Ball 1-2: Ball 2-2: Ground out 4-3 (Groundball, 34, EV 84.4 MPH) Hugo Bautista scores
|
Batting: RHB Mike Salmon
|
0-0: Ball 1-0: Ball 2-0: Ground out U3 (Groundball, 3L, EV 93.1 MPH)
|
Top of the 1st over - 1 run, 1 hit, 0 errors, 0 left on base; Montreal 1 - Texas 0 |
BOTTOM OF THE 1ST |
Texas Rangers batting - Pitching for Montreal Expos : LHP Brian White
|
Pitching: LHP Brian White
|
|
Batting: SHB Jun Tsuda
|
0-0: Foul Ball, location: 2F 0-1: Ground out 6-3 (Groundball, 6, EV 79.4 MPH)
|
Batting: RHB Bobby Ayala
|
0-0: Foul Ball, location: 2F 0-1: Called Strike 0-2: Ball 1-2: Ball 2-2: Foul Ball, location: 2F 2-2: Ball 3-2: Foul Ball, location: 2F 3-2: Strikes out looking
|
Batting: SHB John Giesbrecht
|
0-0: Foul Ball, location: 2F 0-1: Foul Ball, location: 2F 0-2: Strikes out swinging
|
Bottom of the 1st over - 0 runs, 0 hits, 0 errors, 0 left on base; Montreal 1 - Texas 0 |
TOP OF THE 2ND |
Montreal Expos batting - Pitching for Texas Rangers : RHP Larry Legros
|
Batting: RHB John Ham
|
0-0: Called Strike 0-1: Called Strike 0-2: Ball 1-2: Foul Ball, location: 2F 1-2: Ball 2-2: Ball 3-2: Ground out 6-3 (Groundball, 56, EV 100.6 MPH)
|
Batting: LHB Steve Anderson
|
0-0: Ball 1-0: Ball 2-0: Fly out, F8 (Flyball, 8LD, EV 96.2 MPH)
|
Batting: RHB C.J. Beavers
|
0-0: Called Strike 0-1: Foul Ball, location: 2F 0-2: Strikes out looking
|
Top of the 2nd over - 0 runs, 0 hits, 0 errors, 0 left on base; Montreal 1 - Texas 0 |
BOTTOM OF THE 2ND |
Texas Rangers batting - Pitching for Montreal Expos : LHP Brian White
|
Batting: RHB Adriaan Boessenkool
|
0-0: Called Strike 0-1: Fly out, F7 (Flyball, 7D, EV 95.6 MPH)
|
Batting: RHB Butch Kaiser
|
0-0: Ball 1-0: Ball 2-0: Called Strike 2-1: Foul Ball, location: 2F 2-2: Ball 3-2: SINGLE (Flyball, 34D, EV 91.9 MPH)
|
Batting: SHB Moe Lester
|
0-0: Ball 1-0: Swinging Strike 1-1: Foul Ball, location: 2F 1-2: Strikes out swinging
|
Batting: RHB Ray Llewellyn
|
0-0: Foul Ball, location: 2F 0-1: Ground out 1-3 (Groundball, 13S, EV 65.6 MPH)
|
Bottom of the 2nd over - 0 runs, 1 hit, 0 errors, 1 left on base; Montreal 1 - Texas 0 |
TOP OF THE 3RD |
Montreal Expos batting - Pitching for Texas Rangers : RHP Larry Legros
|
Batting: RHB Robby Juarez
|
0-0: Ball 1-0: Foul Ball, location: 2F 1-1: Called Strike 1-2: Foul Ball, location: 2F 1-2: Reached on error, E1 (Groundball, 15S, EV 64.4 MPH)
|
Batting: RHB Nick Sharp
|
0-0: Foul Ball, location: 2F 0-1: Ball 1-1: Called Strike 1-2: Foul Ball, location: 2F 1-2: Strikes out swinging
|
Batting: RHB Hugo Bautista
|
0-0: Foul Ball, location: 2F 0-1: Foul Ball, location: 2F 0-2: Ball 1-2: Foul Ball, location: 2F 1-2: Ball 2-2: Ball 3-2: SINGLE (Line Drive, 4MD, EV 102.5 MPH) Robby Juarez to third Runner from 3rd tries for Home, throw by CF and OUT! 8-2 Hugo Bautista to second
|
Batting: RHB Steve French
|
0-0: Swinging Strike 0-1: Foul Ball, location: 2F 0-2: Ball 1-2: Foul Ball, location: 2F 1-2: DOUBLE (Flyball, 78XD, EV 96.2 MPH) Hugo Bautista scores
|
Batting: LHB Austin Ohmer
|
0-0: Ball 1-0: Foul Ball, location: 2F 1-1: Foul Ball, location: 2F 1-2: Foul Ball, location: 2F 1-2: Ground out U3 (Groundball, 34, EV 103.8 MPH)
|
Top of the 3rd over - 1 run, 2 hits, 1 error, 1 left on base; Montreal 2 - Texas 0 |
BOTTOM OF THE 3RD |
Texas Rangers batting - Pitching for Montreal Expos : LHP Brian White
|
Batting: SHB Tze-meng Gan
|
0-0: Ball 1-0: Swinging Strike 1-1: Fly out, F8 (Flyball, 8LD, EV 103.1 MPH)
|
Batting: LHB Andy Bowman
|
0-0: Ball 1-0: Swinging Strike 1-1: Swinging Strike 1-2: DOUBLE (Flyball, 89D, EV 101.9 MPH)
|
Batting: SHB Jun Tsuda
|
0-0: Ball 1-0: Swinging Strike 1-1: Ball 2-1: Ball 3-1: Base on Balls
|
Batting: RHB Bobby Ayala
|
0-0: Ball 1-0: Swinging Strike 1-1: Foul Ball, location: 2F 1-2: Strikes out swinging
|
Batting: SHB John Giesbrecht
|
0-0: Ball 1-0: Ball 2-0: Ball 3-0: Fly out, F8 (Line Drive, 8RD, EV 86.2 MPH)
|
Bottom of the 3rd over - 0 runs, 1 hit, 0 errors, 2 left on base; Montreal 2 - Texas 0 |
TOP OF THE 4TH |
Montreal Expos batting - Pitching for Texas Rangers : RHP Larry Legros
|
Batting: RHB Mike Salmon
|
0-0: Ball 1-0: Ball 2-0: Ball 3-0: Base on Balls
|
Batting: RHB John Ham
|
0-0: Ball 1-0: Ball 2-0: Ball 3-0: Called Strike 3-1: SINGLE (Groundball, 4MS, EV 64.4 MPH) (infield hit) Mike Salmon to second
|
Batting: LHB Steve Anderson
|
0-0: Called Strike 0-1: Ball 1-1: Grounds into double play, U6-3 (Groundball, 4MD, EV 96.9 MPH) Mike Salmon to third
|
Batting: RHB C.J. Beavers
|
0-0: Ball 1-0: Ball 2-0: Ball 3-0: Called Strike 3-1: Swinging Strike 3-2: Fly out, F8 (Line Drive, 8LD, EV 97.5 MPH)
|
Top of the 4th over - 0 runs, 1 hit, 0 errors, 1 left on base; Montreal 2 - Texas 0 |
BOTTOM OF THE 4TH |
Texas Rangers batting - Pitching for Montreal Expos : LHP Brian White
|
Batting: RHB Adriaan Boessenkool
|
0-0: Ball 1-0: Called Strike 1-1: Called Strike 1-2: Foul Ball, location: 2F 1-2: Ball 2-2: Strikes out swinging
|
Batting: RHB Butch Kaiser
|
0-0: Called Strike 0-1: Ball 1-1: Ground out 3-1 (Groundball, 34, EV 80.6 MPH)
|
Batting: SHB Moe Lester
|
0-0: Swinging Strike 0-1: Foul Ball, location: 2F 0-2: Ball 1-2: Fly out, F4 (Popup, 34D, EV 43.1 MPH)
|
Bottom of the 4th over - 0 runs, 0 hits, 0 errors, 0 left on base; Montreal 2 - Texas 0 |
TOP OF THE 5TH |
Montreal Expos batting - Pitching for Texas Rangers : RHP Larry Legros
|
Batting: RHB Robby Juarez
|
0-0: Called Strike 0-1: Ball 1-1: Ball 2-1: Foul Ball, location: 2F 2-2: SINGLE (Line Drive, 78S, EV 103.1 MPH)
|
Batting: RHB Nick Sharp
|
0-0: Ball 1-0: Foul Ball, location: 2F 1-1: Ball 2-1: Ball 3-1: Base on Balls Robby Juarez to second
|
Batting: RHB Hugo Bautista
|
0-0: Called Strike 0-1: Foul Ball, location: 2F 0-2: Ball 1-2: Ball 2-2: SINGLE (Line Drive, 8LS, EV 88.8 MPH) Robby Juarez to third Nick Sharp to second Runner from 3rd tries for Home, SAFE, throw by CF to home
|
Batting: RHB Steve French
|
0-0: Ball 1-0: DOUBLE (Line Drive, 78D, EV 101.2 MPH) Nick Sharp scores Hugo Bautista to third
|
Batting: LHB Austin Ohmer
|
0-0: Ball 1-0: Ball 2-0: Called Strike 2-1: Foul Ball, location: 2F 2-2: Ball 3-2: SINGLE (Line Drive, 89S, EV 95.0 MPH) Hugo Bautista scores Steve French to third
|
Pitching: RHP Hector Aguado
|
|
Batting: RHB Mike Salmon
|
0-0: Called Strike 0-1: Ball 1-1: Grounds into double play, 4-6-3 (Groundball, 34, EV 80.6 MPH) Steve French scores
|
Batting: RHB John Ham
|
0-0: Ball 1-0: Foul Ball, location: 2F 1-1: Ball 2-1: Swinging Strike 2-2: Fly out, F8 (Line Drive, 78D, EV 96.9 MPH)
|
Top of the 5th over - 4 runs, 4 hits, 0 errors, 0 left on base; Montreal 6 - Texas 0 |
BOTTOM OF THE 5TH |
Texas Rangers batting - Pitching for Montreal Expos : LHP Brian White
|
Batting: RHB Ray Llewellyn
|
0-0: Called Strike 0-1: Ball 1-1: Ball 2-1: Ball 3-1: Foul Ball, location: 2F 3-2: Foul Ball, location: 2F 3-2: Foul Ball, location: 2F 3-2: Foul Ball, location: 2F 3-2: Base on Balls
|
Batting: SHB Tze-meng Gan
|
0-0: Called Strike 0-1: Foul Ball, location: 2F 0-2: DOUBLE (Line Drive, 78D, EV 108.1 MPH) Ray Llewellyn to third Runner from 3rd tries for Home, SAFE, throw by LF to home
|
Batting: LHB Andy Bowman
|
0-0: Ball 1-0: Foul Ball, location: 2F 1-1: Swinging Strike 1-2: Foul Ball, location: 2F 1-2: Ground out U3 (Groundball, 3S, EV 83.1 MPH) Tze-meng Gan to third
|
Batting: SHB Jun Tsuda
|
0-0: Foul Ball, location: 2F 0-1: Called Strike 0-2: Ball 1-2: Ball 2-2: Ball 3-2: Foul Ball, location: 2F 3-2: Fly out, F8 (Line Drive, 8LM, EV 85.0 MPH) Runner from 3rd tags up, OUT at HOME! 8-2
|
Bottom of the 5th over - 1 run, 1 hit, 0 errors, 0 left on base; Montreal 6 - Texas 1 |
TOP OF THE 6TH |
Montreal Expos batting - Pitching for Texas Rangers : RHP Hector Aguado
|
Batting: LHB Steve Anderson
|
0-0: Ball 1-0: Ball 2-0: Foul Ball, location: 2F 2-1: Swinging Strike 2-2: Strikes out swinging
|
Batting: RHB C.J. Beavers
|
0-0: Called Strike 0-1: SINGLE (Line Drive, 4M, EV 100.0 MPH)
|
Batting: RHB Robby Juarez
|
0-0: Foul Ball, location: 2F 0-1: Ball 1-1: Foul Ball, location: 2F 1-2: Ball 2-2: Fly out, F8 (Flyball, 78XD, EV 77.5 MPH)
|
Batting: RHB Nick Sharp
|
0-0: Called Strike 0-1: Foul Ball, location: 2F 0-2: Foul Ball, location: 2F 0-2: Ball 1-2: Strikes out looking
|
Top of the 6th over - 0 runs, 1 hit, 0 errors, 1 left on base; Montreal 6 - Texas 1 |
BOTTOM OF THE 6TH |
Texas Rangers batting - Pitching for Montreal Expos : LHP Brian White
|
Batting: RHB Bobby Ayala
|
0-0: Called Strike 0-1: SINGLE (Groundball, 56S, EV 63.1 MPH) (infield hit)
|
Batting: SHB John Giesbrecht
|
0-0: Called Strike 0-1: Ball 1-1: Foul Ball, location: 2F 1-2: Ball 2-2: SINGLE (Line Drive, 9LS, EV 85.0 MPH) Bobby Ayala to second Runner from 2nd tries for 3rd, SAFE, throw by RF made to third
|
Batting: RHB Adriaan Boessenkool
|
0-0: Ball 1-0: Foul Ball, location: 2F 1-1: Grounds into double play, 4-6-3 (Groundball, 4M, EV 83.8 MPH) Bobby Ayala scores
|
Batting: RHB Butch Kaiser
|
0-0: Ball 1-0: Ball 2-0: Foul Ball, location: 2F 2-1: Swinging Strike 2-2: Foul Ball, location: 2F 2-2: Ball 3-2: Ground out 2-3 (Groundball, 2L, EV 64.4 MPH)
|
Bottom of the 6th over - 1 run, 2 hits, 0 errors, 0 left on base; Montreal 6 - Texas 2 |
TOP OF THE 7TH |
Montreal Expos batting - Pitching for Texas Rangers : RHP Hector Aguado
|
Pitching: RHP Corey Larimer
|
|
Batting: RHB Hugo Bautista
|
0-0: Called Strike 0-1: Ball 1-1: Ball 2-1: Swinging Strike 2-2: Strikes out looking
|
Batting: RHB Steve French
|
0-0: Ball 1-0: Foul Ball, location: 2F 1-1: Swinging Strike 1-2: Ground out 6-3 (Groundball, 6, EV 87.5 MPH)
|
Batting: LHB Austin Ohmer
|
0-0: Foul Ball, location: 2F 0-1: Ball 1-1: Ball 2-1: Ball 3-1: Ground out 4-3 (Groundball, 4, EV 85.0 MPH)
|
Top of the 7th over - 0 runs, 0 hits, 0 errors, 0 left on base; Montreal 6 - Texas 2 |
BOTTOM OF THE 7TH |
Texas Rangers batting - Pitching for Montreal Expos : LHP Brian White
|
Batting: SHB Moe Lester
|
0-0: Called Strike 0-1: Ball 1-1: Swinging Strike 1-2: Ball 2-2: Strikes out swinging
|
Batting: RHB Ray Llewellyn
|
0-0: Swinging Strike 0-1: Swinging Strike 0-2: Ground out 6-3 (Groundball, 6, EV 85.6 MPH)
|
Batting: SHB Tze-meng Gan
|
0-0: Called Strike 0-1: Ball 1-1: SINGLE (Groundball, 56, EV 103.8 MPH) (infield hit)
|
Batting: LHB Andy Bowman
|
0-0: Swinging Strike 0-1: Ball 1-1: Called Strike 1-2: Foul Ball, location: 2F 1-2: Foul Ball, location: 2F 1-2: Strikes out swinging
|
Bottom of the 7th over - 0 runs, 1 hit, 0 errors, 1 left on base; Montreal 6 - Texas 2 |
TOP OF THE 8TH |
Montreal Expos batting - Pitching for Texas Rangers : RHP Corey Larimer
|
Batting: RHB Mike Salmon
|
0-0: Ground out 1-3 (Groundball, 34S, EV 71.9 MPH)
|
Batting: RHB John Ham
|
0-0: Ball 1-0: SINGLE (Line Drive, 4D, EV 98.1 MPH)
|
Batting: LHB Steve Anderson
|
0-0: Ball 1-0: Ball 2-0: Ball 3-0: Called Strike 3-1: Foul Ball, location: 2F 3-2: Fly out, F7 (Line Drive, 7S, EV 97.5 MPH)
|
Batting: RHB C.J. Beavers
|
0-0: Ball 1-0: Called Strike 1-1: Called Strike 1-2: Foul Ball, location: 2F 1-2: Foul Ball, location: 2F 1-2: Ball 2-2: Fly out, F9 (Flyball, 9D, EV 106.2 MPH)
|
Top of the 8th over - 0 runs, 1 hit, 0 errors, 1 left on base; Montreal 6 - Texas 2 |
BOTTOM OF THE 8TH |
Texas Rangers batting - Pitching for Montreal Expos : LHP Brian White
|
Pitching: RHP Ben Sheets
|
|
Batting: SHB Jun Tsuda
|
0-0: Ball 1-0: Called Strike 1-1: Called Strike 1-2: Ball 2-2: Foul Ball, location: 2F 2-2: SINGLE (Line Drive, 78S, EV 100.6 MPH)
|
Pinch Hitting: LHB Sean Geisler
|
0-0: Called Strike 0-1: Grounds into double play, 4-6-3 (Groundball, 34S, EV 94.4 MPH)
|
Batting: SHB John Giesbrecht
|
0-0: Ball 1-0: Called Strike 1-1: Ball 2-1: Ball 3-1: Foul Ball, location: 2F 3-2: Strikes out looking
|
Bottom of the 8th over - 0 runs, 1 hit, 0 errors, 0 left on base; Montreal 6 - Texas 2 |
TOP OF THE 9TH |
Montreal Expos batting - Pitching for Texas Rangers : RHP Corey Larimer
|
Now at 1B: Sean Geisler
|
|
Batting: RHB Robby Juarez
|
0-0: Ground out U3 (Groundball, 34S, EV 93.1 MPH)
|
Batting: RHB Nick Sharp
|
0-0: Ball 1-0: Ball 2-0: Ball 3-0: Called Strike 3-1: Foul Ball, location: 2F 3-2: Strikes out swinging
|
Batting: RHB Hugo Bautista
|
0-0: Ball 1-0: Called Strike 1-1: Ball 2-1: SINGLE (Groundball, 56D, EV 105.6 MPH)
|
Batting: RHB Steve French
|
0-0: Foul Ball, location: 2F 0-1: Called Strike 0-2: Strikes out looking
|
Top of the 9th over - 0 runs, 1 hit, 0 errors, 1 left on base; Montreal 6 - Texas 2 |
BOTTOM OF THE 9TH |
Texas Rangers batting - Pitching for Montreal Expos : RHP Ben Sheets
|
Pitching: RHP Joel Montenegro
|
|
Now in LF: Pete Barutha
|
|
Now in RF: Bran Stark
|
|
Batting: RHB Adriaan Boessenkool
|
0-0: Called Strike 0-1: Foul Ball, location: 2F 0-2: Foul Ball, location: 2F 0-2: Ball 1-2: Foul Ball, location: 2F 1-2: Foul Ball, location: 2F 1-2: Fly out, F9 (Line Drive, 9, EV 91.9 MPH)
|
Batting: RHB Butch Kaiser
|
0-0: Called Strike 0-1: Swinging Strike 0-2: Ball 1-2: Ball 2-2: Strikes out swinging
|
Batting: SHB Moe Lester
|
0-0: Ball 1-0: Foul Ball, location: 2F 1-1: Foul Ball, location: 2F 1-2: Ball 2-2: Foul Ball, location: 2F 2-2: Ball 3-2: Strikes out swinging
|
Bottom of the 9th over - 0 runs, 0 hits, 0 errors, 0 left on base; Montreal 6 - Texas 2 |
|